 Dungeon Crawl Stone Soup version 0.17.2-1-ge4368a0 (webtiles) character file.

184 saradell the Slasher (level 5, -5/42 HPs)
             Began as a Human Berserker on June 9, 2018.
             Was a Believer of Trog.
             Killed from afar by an orc wizard (8 damage)
             ... with a magic dart
             ... on level 4 of the Dungeon.
             The game lasted 00:38:02 (4982 turns).

saradell the Slasher (Human Berserker)              Turns: 4982, Time: 00:38:02

Health: -5/42      AC:  7    Str: 18    XL:     5   Next: 96%
Magic:  5/5        EV:  7    Int:  8    God:    Trog [**....]
Gold:   111        SH:  0    Dex: 12    Spells: 0 memorised, 4 levels left

rFire  . . .     SeeInvis .     s - +0 whip
rCold  . . .     Clarity  .     q - +0 ring mail
rNeg   . . .     SustAt   .     (no shield)
rPois  .         Gourm    .     (no helmet)
rElec  .         Spirit   .     (no cloak)
rCorr  .         Warding  .     r - +0 pair of gloves
rMut   .         Stasis   .     d - +0 pair of boots
MR     .....                    (no amulet)
Stlth  +.........               (no ring)
                                h - +1 ring of evasion

@: drained, not resistant to hostile enchantments, very unstealthy
A: no striking features
a: Berserk, Trog's Hand, Burn Spellbooks, Renounce Religion


You were on level 4 of the Dungeon.
You worshipped Trog.
Trog was pleased with you.
You were not hungry.

You visited 1 branch of the dungeon, and saw 4 of its levels.

You collected 111 gold pieces.

Inventory:

Hand Weapons
 a - a +0 falchion
 b - a +0 halberd
 s - a +0 whip (weapon)
 v - a +0 blowgun
Missiles
 e - 77 stones (quivered)
 u - 7 sling bullets of flame
 w - 5 poisoned needles
Armour
 c - a +0 pair of gloves
 d - a +0 pair of boots (worn)
 j - a +0 chain mail
 q - a +0 ring mail (worn)
 r - a +0 pair of gloves (worn)
Jewellery
 h - a +1 ring of evasion (left hand)
Scrolls
 f - 3 scrolls of remove curse
 i - a scroll of blinking
 l - 2 scrolls of identify
 o - a scroll of amnesia {unknown}
 p - a scroll of enchant armour {unknown}
 t - a scroll of immolation {unknown}
Potions
 g - a potion of lignification
 k - a potion of invisibility {unknown}


   Skills:
 + Level 3.7(2.9) Fighting
 + Level 3.9(3.1) Long Blades
 + Level 1.0(0.2) Maces & Flails
 + Level 0.6(0.0) Polearms
 + Level 3.6(2.8) Armour
 + Level 2.8(2.0) Dodging


You had 4 spell levels left.
You didn't know any spells.

Dungeon Overview and Level Annotations

Branches:
Dungeon (4/15)
 Temple: D:4-7

Altars:


Message History

The orc wizard misses you.
You closely miss the orc wizard.
The orc wizard is moderately wounded.
The orc wizard points at you and mumbles some strange words.
The magic dart hits you!
* * * LOW HITPOINT WARNING * * *
Your ring mail prevents you from hitting the orc wizard.
The orc wizard is moderately wounded.
The orc wizard casts a spell at you. The puff of flame hits you!
* * * LOW HITPOINT WARNING * * *
There is a stone staircase leading down here.
You can't go up here!
The orc wizard hits you but does no damage.
You climb downwards.
Found 7 needles of sleeping.
There is a stone staircase leading up here.
The orc wizard casts a spell at you. The magic dart hits you!
You die...

#.. #.#
#.# #.#
#.# #.#
#.# #@#
......o.#
.#.(.....
#...###.#
..... .#
...# ..
... .# ..
.#


You could see an orc wizard.

Vanquished Creatures
  Terence (D:2)
  5 adders (D:2)
  3 gnolls (D:2)
  2 oozes
  5 worms
  5 giant geckos
  2 orcs (D:3)
  4 giant cockroaches
  5 hobgoblins
  3 jackals (D:3)
  6 kobolds
  A quokka (D:2)
  2 bats (D:2)
  3 giant newts
  5 goblins
  7 rats
59 creatures vanquished.

Vanquished Creatures (others)
  A jackal (D:3)
1 creature vanquished.

Grand Total: 60 creatures vanquished

Notes
Turn   | Place    | Note
--------------------------------------------------------------
     0 | D:1      | saradell the Human Berserker began the quest for the Orb.
     0 | D:1      | Reached XP level 1. HP: 18/18 MP: 1/1
    80 | D:1      | Reached XP level 2. HP: 9/24 MP: 2/2
  1731 | D:1      | Reached XP level 3. HP: 25/29 MP: 3/3
  2366 | D:2      | Reached XP level 4. HP: 31/35 MP: 4/4
  2527 | D:2      | Noticed Terence
  2543 | D:2      | Killed Terence
  2877 | D:2      | Reached ** piety under Trog
  3247 | D:2      | Reached XP level 5. HP: 31/41 MP: 5/5
  4869 | D:3      | Reached skill level 1 in Maces & Flails
  4978 | D:3      | HP: 2/42 [orc wizard/puff of flame (5)]
  4982 | D:4      | Killed from afar by an orc wizard

Action                   |  1- 3 |  4- 6 || total
-------------------------+-------+-------++-------
Melee: Falchion          |    73 |       ||    73
       Halberd           |     8 |    41 ||    49
       Whip              |       |   217 ||   217
  Use: Scroll            |     3 |     3 ||     6
       Potion            |       |     3 ||     3
  Eat: Bread ration      |     1 |     2 ||     3
       Royal jelly       |       |     1 ||     1
